 Dungeon Crawl Stone Soup version 0.31-a0-229-g1fc7ce93e2 (webtiles) character file.

Game seed: 7694422205453798081

70 qw the Shooter (level 4, 0/26 HPs)
             Began as a Gargoyle Hexslinger on July 6, 2023.
             Constricted to death by Ijyb (3 damage)
             ... on level 3 of the Dungeon.
             The game lasted 00:00:40 (1842 turns).

qw the Shooter (Gargoyle Hexslinger)                Turns: 1842, Time: 00:00:40

Health: 0/26       AC: 17    Str: 11    XL:     4   Next: 22%
Magic:  5/5        EV:  7    Int: 14    God:
Gold:   163        SH:  0    Dex: 14    Spells: 4/5 levels left

rFire   . . .        Y - +1 sling
rCold   . . .        (no shield)
rNeg    + . .        e - +0 ring mail
rPois   inf          (no helmet)
rElec   +            j - +1 cloak
rCorr   .            (no gloves)
SInv    .            c - +2 pair of boots
Will    +....        (no amulet)
Stlth   +            d - +4 ring of protection
HPRegen 0.24/turn    h - ring of willpower
MPRegen 0.09/turn

%: no passive effects
@: grasped by roots, constricted
A: sickness immunity, AC +3, negative energy resistance 1, electricity
resistance, torment resistance 1, petrification resistance
a: no special abilities


You were on level 3 of the Dungeon.
You visited 1 branch of the dungeon, and saw 3 of its levels.

You collected 163 gold pieces.


Innate Abilities, Weirdness & Mutations

You are immune to sickness and miasma.
Your stone body is resilient. (AC +3)
You are immune to poison.
You resist negative energy. (rN+)
You are resistant to electric shocks. (rElec)
You are resistant to unholy torment.
You are immune to petrification.


   Skills:
 - Level 2.2 Fighting
 + Level 3.6 Ranged Weapons
 - Level 1.1 Armour
 - Level 1.5 Dodging
 - Level 1.0 Spellcasting
 - Level 2.6 Hexes


You had 4 spell levels left.
You knew the following spells:

 Your Spells              Type           Power      Damage    Failure   Level
a - Slow                  Hex            32%        N/A       21%         1

Your spell library contained the following spells:

 Spells                   Type           Power      Damage    Failure   Level
 Inner Flame              Hex/Fire       4%         N/A       71%         3
 Portal Projectile        Hex/Tloc       8%         N/A       71%         3
 Cause Fear               Hex            4%         N/A       90%         4

Inventory:

Hand Weapons
 Y - a +1 sling (weapon)
Armour
 c - a +2 pair of boots (worn)
 e - a +0 ring mail (worn)
 j - a +1 cloak (worn)
Jewellery
 d - a +4 ring of protection (left hand)
 h - a ring of willpower (right hand)
Scrolls
 m - a scroll of acquirement {unknown}
Potions
 a - a potion of resistance {unknown}
 b - a potion of curing
 f - a potion of haste {unknown}
 g - a potion of degeneration {unknown}
 i - a potion of magic {unknown}
 k - a potion of mutation {unknown}

Dungeon Overview and Level Annotations

Branches:
Dungeon (3/15)

Altars:
Cheibriados
Okawaru

Annotations:
D:3 Ijyb


Message History

Ijyb hits you but does no damage. The grasping roots constrict you.
The grasping roots release their grip on you.
You shoot a sling bullet. The sling bullet barely misses Ijyb.
Ijyb barely misses you. Ijyb hits you but does no damage.
You shoot a sling bullet. The sling bullet closely misses Ijyb.
Ijyb zaps a wand.
The roots erupt in riotous growth!
The grasping roots grab you!
Ijyb is unaffected.
The grasping roots constrict you.
You shoot a sling bullet. The sling bullet closely misses Ijyb.
Ijyb closely misses you. The grasping roots constrict you.
You shoot a sling bullet. The sling bullet hits Ijyb!
Ijyb is moderately wounded.
Ijyb barely misses you. The grasping roots constrict you.
Ijyb hits you with a +0 dagger. The grasping roots constrict you.
You shoot a sling bullet.
The sling bullet hits Ijyb but does no damage.
Ijyb is moderately wounded.
Ijyb hits you but does no damage. The grasping roots constrict you.
The grasping roots release their grip on you.
You shoot a sling bullet. The sling bullet closely misses Ijyb.
Ijyb hits you but does no damage. Ijyb completely misses you.
You shoot a sling bullet. The sling bullet hits Ijyb.
Ijyb is moderately wounded.
Ijyb hits you with a +0 dagger.
You shoot a sling bullet.
The sling bullet hits Ijyb but does no damage.
Ijyb is moderately wounded.
Ijyb barely misses you.
You shoot a sling bullet. The sling bullet closely misses Ijyb.
Ijyb screams, "Me very upset!"
Ijyb closely misses you. x2
You shoot a sling bullet.
The sling bullet hits Ijyb but does no damage.
Ijyb is moderately wounded.
Ijyb zaps a wand.
The roots erupt in riotous growth!
The grasping roots grab you!
Ijyb is unaffected.
The grasping roots constrict you.
You shoot a sling bullet. The sling bullet closely misses Ijyb.
Ijyb hits you but does no damage. The grasping roots constrict you.
You die...

.. #...# ..
##'## .. #.#
## # #.#### #
..# #....# #
.... #.)..# #
..... #....#
......#....###
#...g@.....#
.<....#......#
..... #......#
.... ########
.##


You could see Ijyb.

Vanquished Creatures
  4 adders
  A worm (D:3)
  An orc (D:3)
  3 ball pythons
  3 endoplasms
  A giant cockroach (D:1)
  A hobgoblin (D:1)
  6 kobolds
  2 quokkas (D:3)
  4 bats
  2 frilled lizards
  5 rats
33 creatures vanquished.

Notes
Turn   | Place    | Note
-------+----------+-------------------------------------------
     0 | D:1      | qw the Gargoyle Hexslinger began the quest for the Orb.
     0 | D:1      | Reached XP level 1. HP: 12/12 MP: 2/2
     0 | D:1      | 0 ||| qw: Version: 0.3-a-46-gb1f654a
     0 | D:1      | 0 ||| qw: Game counter: 1678
     0 | D:1      | 0 ||| qw: Melee chars always use a shield: true
     0 | D:1      | 0 ||| qw: God list: Okawaru
     0 | D:1      | 0 ||| qw: Allow faded altars: false
     0 | D:1      | 0 ||| qw: Do Orc after clearing Dungeon:15 true
     0 | D:1      | 0 ||| qw: Do second Lair branch before Depths: true
     0 | D:1      | 0 ||| qw: Lair rune preference: random
     0 | D:1      | 0 ||| qw: Goals: Normal
     0 | D:1      | 0 ||| PLANNING D:1-11
   332 | D:1      | Reached XP level 2. HP: 16/16 MP: 3/3
   965 | D:1      | 965 ||| UPGRADING to +0 ring mail.
   975 | D:1      | 975 ||| DROPPING +0 robe.
   976 | D:1      | 976 ||| UPGRADING to +4 ring of protection.
   977 | D:1      | 977 ||| READING scroll labelled FORRES KONUJU.
   978 | D:1      | 978 ||| READING 2 scrolls labelled OKIDOZY IRPHUOM.
   979 | D:1      | 979 ||| READING scroll labelled YKKABLEANN.
   980 | D:1      | 980 ||| DROPPING scroll of poison.
   981 | D:1      | 981 ||| DROPPING scroll of fear.
  1000 | D:2      | 1000 ||| STAIRDANCE
  1086 | D:2      | Reached skill level 3 in Ranged Weapons
  1314 | D:2      | Reached XP level 3. HP: 20/20 MP: 4/4
  1357 | D:2      | Found a faded altar of an unknown god.
  1428 | D:2      | 1428 ||| UPGRADING to +0 pair of boots.
  1433 | D:2      | 1433 ||| UPGRADING to +1 cloak.
  1438 | D:2      | 1438 ||| READING 2 scrolls of enchant armour.
  1438 | D:2      | 1438 ||| ENCHANTING +0 pair of boots.
  1439 | D:2      | 1439 ||| READING scroll of enchant armour.
  1439 | D:2      | 1439 ||| ENCHANTING +1 pair of boots.
  1440 | D:2      | 1440 ||| UPGRADING to ring of willpower.
  1441 | D:2      | 1441 ||| READING scroll labelled KUMERA VIEXUAB.
  1442 | D:2      | 1442 ||| DRINKING 2 ruby potions.
  1644 | D:3      | Found a snail-covered altar of Cheibriados.
  1705 | D:3      | Found an iron altar of Okawaru.
  1707 | D:3      | 1707 ||| PLANNING OKAWARU WORSHIP
  1747 | D:3      | Reached skill level 1 in Armour
  1818 | D:3      | 1818 ||| READING scroll labelled GEMUER PUOCUD.
  1820 | D:3      | Noticed Ijyb
  1825 | D:3      | Reached XP level 4. HP: 21/26 MP: 5/5
  1838 | D:3      | HP: 6/26 [Ijyb/+0 dagger (4)]
  1842 | D:3      | Constricted to death by Ijyb

Levels and vault maps discovered:
D:1:      lightli_arrival_statue_moat, layout_basic, minmay_unequal
D:2:      layout_rooms, shapermc_ecumenical_altar_mp_highgroup
D:3:      layout_basic, mainiacjoe_overflow_catwalk_spiral, uniq_ijyb

Skill      XL: |  1  2  3 |
---------------+----------+-----
Ranged Weapons | 3 |  3.6
Fighting       | 2 |  2.2
Armour         | 1 |  1.1
Dodging        | |  1.5
Spellcasting   | |  1.0
Hexes          | |  2.6

Action                     |  1- 3 |  4- 6 || total
---------------------------+-------+-------++-------
   Fire: Sling             |   119 |    18 ||   137
    Use: Scroll            |     7 |       ||     7
         Potion            |     1 |       ||     1
 Armour: Robe              |     1 |       ||     1
         Ring mail         |    28 |     8 ||    36
  Dodge: Dodged            |    32 |    11 ||    43

Table legend:
 A = Non-vault XP
 B = Vault XP
 C = Vault XP percentage of total XP
 D = Non-vault monster count
 E = Vault monster count
 F = Vault count percentage of total count
                 A         B        C        D         E       F
            +---------+---------+-------+---------+---------+-------
      Total |      99 |       2 |   2.0 |      31 |       2 |   6.1
            +---------+---------+-------+---------+---------+-------
        D:1 |      12 |       2 |  14.3 |       7 |       2 |  22.2
        D:2 |      23 |       0 |   0.0 |       8 |       0 |   0.0
        D:3 |      64 |       0 |   0.0 |      16 |       0 |   0.0
            +---------+---------+-------+---------+---------+-------
